Map: 2000 Atmospheres LE

Players

Vindicta - Winner!

  • Race: Terran Terran
  • League: Grandmaster

Scarlett

  • Race: Zerg Zerg

Event: DreamHack SC2 Masters 2021 Summer

VOD

Have the link to the VOD?

Description

Time

  • Played on: May 28, 2021, 6:32 p.m.
  • Length: 10:42

All games in this series

Show
View Real Time Build Order
Export as new Build Order

Vindicta Terran - Winner!

Build Orders:  

Get SALT Encoding   

  12  0:00  SCV  
  13  0:12  SCV  
  14  0:17  Supply Depot  
  14  0:26  SCV  
  15  0:40  Barracks  
  15  0:50  Barracks  
  15  0:53  SCV  
  16  0:59  Refinery  
  16  1:05  SCV  
  17  1:17  SCV  
  18  1:26  Marine  
  18  1:29  Orbital Command  
  19  1:36  Marine  
  20  1:44  Marine, Supply Depot  
  21  1:54  Marine  
  21  1:56  SCV  
  21  2:00  Bunker  
  23  2:05  Marine  
  24  2:13  SCV  
  24  2:14  Bunker  
  24  2:15  Marine  
  26  2:25  SCV  
  26  2:26  Factory  
  26  2:29  Marine  
  28  2:38  SCV  
  28  2:40  Marine  
  30  2:45  Supply Depot  
  30  2:53  Marine  
  31  3:10  Factory Tech Lab  
  31  3:11  Command Center  
  31  3:16  SCV  
  30  3:28  Cyclone  
  30  3:30  SCV  
  30  3:31  Bunker  
  34  3:41  Refinery  
  34  3:42  SCV  
  35  3:48  Supply Depot  
  35  3:54  SCV  
  34  3:58  Starport  
  34  4:03  Cyclone  
  34  4:06  SCV  
  38  4:18  SCV  
  38  4:21  Barracks Reactor, Barracks Tech Lab  
  38  4:24  Orbital Command  
  38  4:30  SCV  
  41  4:41  Medivac  
  41  4:42  Orbital Command, Marine  
  41  4:43  SCV  
  43  4:55  SCV  
  43  4:58  Marine  
  45  5:00  Marine  
  45  5:05  Stimpack  
  46  5:08  SCV  
  46  5:09  SCV  
  46  5:11  Marine  
  49  5:20  Marine  
  49  5:21  SCV, Command Center  
  51  5:22  SCV  
  51  5:26  Starport Reactor, Marine  
  53  5:28  Marine  
  53  5:34  SCV  
  53  5:35  Supply Depot  
  55  5:36  SCV  
  55  5:42  Engineering Bay x2  
  56  5:43  Marine  
  57  5:50  Marine  
  57  5:51  SCV x2  
  57  5:53  Refinery  
  57  5:54  Refinery  
  60  6:02  Marine  
  60  6:03  SCV, Medivac x2  
  66  6:05  SCV  
  66  6:08  Supply Depot  
  67  6:15  SCV  
  67  6:16  Marine  
  67  6:17  Marine  
  71  6:23  Terran Infantry Weapons Level 1  
  71  6:24  Terran Infantry Armor Level 1  
  70  6:31  Marine  
  71  6:33  SCV x2  
  71  6:35  Orbital Command  
  73  6:43  Marine  
  73  6:44  Supply Depot  
  73  6:46  SCV  
  76  6:53  Siege Tank  
  79  6:56  SCV  
  79  6:57  Orbital Command  
  79  6:58  SCV, Combat Shield  
  80  7:03  Marine  
  80  7:07  Barracks  
  81  7:09  Marine  
  81  7:10  Marine  
  78  7:20  SCV  
  78  7:21  Marine  
  73  7:27  Marine x2  
  73  7:30  SCV, Siege Tank  
  73  7:32  SCV  
  76  7:37  Barracks  
  76  7:38  Supply Depot  
  76  7:39  Barracks, Marine  
  76  7:41  SCV  
  77  7:44  Marine  
  77  7:45  Marine  
  77  7:46  SCV  
  77  7:47  SCV  
  81  7:55  Barracks Reactor, SCV  
  81  7:57  Marine  
  83  8:01  SCV x2  
  83  8:02  Marine  
  83  8:03  Marine, Siege Tank  
  90  8:08  Supply Depot  
  90  8:09  Supply Depot  
  90  8:11  SCV  
  91  8:13  SCV  
  91  8:14  Armory  
  91  8:15  Marine  
  91  8:16  SCV  
  94  8:20  Marine  
  94  8:21  Marine  
  94  8:23  SCV  
  94  8:25  Refinery, SCV  
  98  8:27  Barracks Reactor x2  
  98  8:28  SCV  
  98  8:30  Supply Depot  
  98  8:32  Marine  
  98  8:33  Marine, Supply Depot  
  98  8:34  Marine  
  98  8:35  SCV, Supply Depot  
  98  8:37  SCV  
  98  8:40  SCV, Marine x2  
  104  8:43  Factory  
  104  8:47  SCV  
  105  8:50  Marine  
  105  8:51  Marine  
  105  8:52  Marine, Siege Tank  
  105  8:53  SCV  
  111  8:58  Marine x2, Supply Depot  
  112  9:02  Marine  
  112  9:06  SCV  
  112  9:07  SCV, Marine x3  
  112  9:08  Drilling Claws, Marine x2  
  112  9:09  Refinery  
  119  9:17  Marine  
  119  9:23  Marine x2  
  123  9:25  Siege Tank  
  123  9:26  Marine  
  123  9:27  Marine  
  123  9:28  Factory Reactor  
  123  9:30  Marine x3  
  123  9:31  Marine  
  128  9:35  Marine  
  128  9:41  Marine x2  
  128  9:44  Marine  
  128  9:45  Marine  
  132  9:48  Marine x4  
  136  9:53  Marine, Command Center, Supply Depot  
  136  9:57  Widow Mine  
  136  9:59  Marine x2  
  141  10:01  Marine  
  141  10:03  Marine  
  141  10:06  Marine x4  
  146  10:11  Marine  
  146  10:12  Widow Mine x2  
  150  10:17  Marine x2  
  150  10:18  Widow Mine  
  150  10:19  Marine  
  150  10:20  Marine  
  159  10:24  Marine x2  
Show
View Real Time Build Order
Export as new Build Order

Scarlett Zerg 

Build Orders: Hatch First, Ravager All-In 

Get SALT Encoding   

  12  0:01  Drone  
  13  0:12  Overlord  
  13  0:16  Drone  
  14  0:30  Drone x2  
  16  0:47  Hatchery  
  15  0:50  Drone  
  15  0:53  Drone  
  18  0:57  Drone  
  18  1:08  Extractor  
  17  1:12  Spawning Pool  
  17  1:15  Drone  
  17  1:19  Drone  
  18  1:35  Drone  
  19  1:53  Drone  
  20  1:58  Queen  
  20  1:59  Queen  
  20  2:00  Roach Warren  
  23  2:06  Zergling x2  
  23  2:07  Spine Crawler  
  23  2:11  Extractor, Drone  
  23  2:14  Zergling x2  
  24  2:21  Overlord  
  24  2:26  Drone  
  24  2:28  Drone  
  26  2:36  Overlord  
  25  2:51  Roach x2  
  25  2:52  Roach  
  31  3:00  Roach  
  33  3:06  Roach  
  35  3:16  Ravager x2  
  37  3:25  Overlord  
  37  3:37  Hatchery  
  36  3:41  Ravager  
  36  3:44  Ravager  
  36  3:45  Ravager  
  39  3:48  Drone  
  39  3:55  Overlord  
  40  3:58  Drone  
  41  4:13  Overlord  
  40  4:17  Drone x2  
  40  4:22  Drone x3  
  45  4:29  Overlord  
  45  4:36  Queen  
  47  4:48  Drone  
  47  4:52  Drone x4  
  49  4:57  Metabolic Boost  
  49  5:04  Drone, Overlord  
  50  5:11  Queen  
  52  5:16  Drone x3  
  52  5:19  Drone  
  52  5:21  Drone  
  57  5:24  Drone x2  
  57  5:25  Drone  
  60  5:28  Drone  
  61  5:37  Spore Crawler  
  61  5:41  Lair  
  60  5:51  Hatchery, Zergling x8  
  60  5:56  Queen  
  65  6:02  Drone x4  
  69  6:08  Drone x4  
  73  6:12  Spore Crawler  
  73  6:16  Drone x3  
  75  6:21  Evolution Chamber  
  75  6:22  Evolution Chamber  
  73  6:30  Drone x2  
  73  6:31  Drone  
  73  6:32  Overlord x2  
  76  6:36  Overlord  
  76  6:37  Extractor x2  
  76  6:39  Overlord  
  74  6:41  Glial Reconstitution  
  74  6:47  Overlord  
  74  6:49  Overseer  
  74  6:54  Zerg Ground Armor Level 1, Zerg Melee Weapons Level 1  
  73  6:56  Roach  
  73  7:01  Roach x2  
  79  7:03  Zergling x4  
  81  7:11  Zergling x8  
  81  7:14  Zergling x6  
  81  7:20  Queen  
  75  7:22  Zergling x2  
  75  7:23  Zergling x4  
  75  7:28  Zergling x6  
  78  7:35  Queen  
  80  7:40  Drone  
  80  7:41  Ravager x2, Baneling Nest  
  80  7:42  Ravager  
  83  7:46  Drone x4  
  83  7:51  Drone  
  88  7:54  Queen  
  90  8:08  Overlord x2  
  90  8:09  Drone  
  90  8:10  Drone x5  
  96  8:20  Overlord  
  96  8:22  Hatchery  
  95  8:30  Centrifical Hooks  
  95  8:31  Zergling x10  
  95  8:34  Baneling x6  
  100  8:41  Zergling x12  
  106  8:54  Infestation Pit  
  105  8:57  Zergling x14  
  112  9:06  Drone  
  112  9:09  Extractor, Drone x4  
  114  9:10  Queen  
  111  9:24  Zergling x2  
  111  9:25  Zergling x10  
  111  9:27  Baneling x14  
  114  9:32  Zergling x2  
  114  9:34  Zergling x4  
  117  9:41  Zergling x2  
  117  9:42  Zergling x4  
  120  9:46  Zergling x6  
  123  9:53  Zergling x4  
  125  10:01  Zergling x18  
  125  10:15  Zergling x8  
  127  10:22  Zergling x8  
Tags
 
Add a new tag
Caveats
  • Supply blocks, unpowered buildings, or Contaminate may cause inaccurate times.
  • Supply counts are checked every 10 seconds.